 Dungeon Crawl Stone Soup version 0.23.0-3-gf3c87f2 (webtiles) character file.

Game seed: 13051603951848751614

273 Borgoz the Vexing (level 6, -3/46 HPs)
             Began as a Ghoul Enchanter on Feb 24, 2019.
             Slain by an ogre
             ... wielding a +0 giant club
              (19 damage)
             ... on level 4 of the Dungeon.
             The game lasted 00:11:30 (4436 turns).

Borgoz the Vexing (Ghoul Enchanter)                 Turns: 4436, Time: 00:11:32

Health: -3/46      AC:  4    Str: 12    XL:     6   Next: 23%
Magic:  2/7        EV: 14    Int: 10    God:
Gold:   139        SH:  0    Dex: 11    Spells: 3/8 levels left

rFire    . . .     SeeInvis .   a - +1 dagger
rCold    + . .     Gourm    .   (no shield)
rNeg     + + +     Faith    .   i - +0 leather armour
rPois    ∞         Spirit   .   (no helmet)
rElec    .         Reflect  .   (no cloak)
rCorr    .         Harm     .   (no gloves)
MR       .....                  k - +0 pair of boots
Stlth    ++........             (no amulet)
HPRegen  0.00/turn              b - +2 ring of evasion
MPRegen  0.10/turn              f - ring of flight

@: flying, rotting
A: rotting body, claws 1, carnivore, cold resistance 1, negative energy
resistance 3, inhibited regeneration, torment resistance, unbreathing
a: no special abilities


You were on level 4 of the Dungeon.
You were not hungry.

You visited 1 branch of the dungeon, and saw 4 of its levels.

You collected 139 gold pieces.

Inventory:

Hand Weapons
 a - a +1 dagger (weapon)
Armour
 i - a +0 leather armour (worn)
 k - a +0 pair of boots (worn)
Jewellery
 b - a +2 ring of evasion (left claw)
 f - a ring of flight (right claw)
Scrolls
 e - a scroll of fog
 g - a scroll of identify
Potions
 h - 2 potions of mutation {unknown}
Comestibles
 d - 3 rations


   Skills:
 + Level 0.3 Fighting
 + Level 3.5 Short Blades
 + Level 2.0 Dodging
 + Level 3.8 Stealth
 + Level 1.9 Spellcasting
 + Level 4.0 Hexes


You had 3 spell levels left.
You knew the following spells:

 Your Spells              Type           Power        Failure   Level  Hunger
a - Confuse               Hex            #.......     22%         3    ####...
b - Ensorcelled Hibernat  Hex/Ice        #.....       26%         2    ###....

Your spell library contained the following spells:

 Spells                   Type           Power        Failure   Level  Hunger
 Corona                   Hex            #......      8%          1    ##.....
 Tukima's Dance           Hex            #.......     22%         3    ####...
 Dazzling Spray           Conj/Hex       #.....       45%         3    ####...


Dungeon Overview and Level Annotations

Branches:
Dungeon (4/15)             Temple (0/1) D:4

Altars:


Innate Abilities, Weirdness & Mutations

Your body is rotting away.
You thrive on raw meat.
You are immune to poison.
You have sharp fingernails.
You are carnivorous and can eat meat at any time.
Your flesh is cold resistant. (rC+)
You are immune to negative energy. (rN+++)
You do not regenerate when monsters are visible.
You are immune to unholy pain and torment.
You can survive without breathing.


Message History

You kill the orc!
Casting: Ensorcelled Hibernation (safe; 26% risk of failure)
Confirm with . or Enter, or press ? or * to list all spells.
Aiming: Ensorcelled Hibernation (safe; 26% risk of failure)
Press: ? - help, Shift-Dir - straight line, f - ogre
Aim: an ogre, wielding a +0 giant club (chance to defeat MR: 37%)
The ogre easily resists.
The ogre hits you with a +0 giant club.
Casting: Ensorcelled Hibernation (safe; 26% risk of failure)
Confirm with . or Enter, or press ? or * to list all spells.
Aiming: Ensorcelled Hibernation (safe; 26% risk of failure)
Press: ? - help, Shift-Dir - straight line, f/p - ogre
Aim: an ogre, wielding a +0 giant club (chance to defeat MR: 37%)
The ogre looks drowsy...
The helpless ogre fails to defend itself.
You impale the ogre!!
The ogre is almost dead.
You completely miss the ogre.
The ogre is almost dead.
The ogre hits you with a +0 giant club!!
You die...

.8...8........(###.......##.##
...>h8..........#####.........
.8..h8......##### ....##...
.#888###....# .. ###.
.....#####.O# ##. ..
...........## ... ..#
......#....## ..# ... .
##....###..## .##.
##...O@....# #....###.#....# .
........ #.. ... .....#...#
..# # .....#.... ..#
......##... ### ...... ... ..


You could see an ogre.

Vanquished Creatures
  An orc priest (D:4)
  A bullfrog skeleton (D:4)
  A hound (D:3)
  An iguana (D:3)
  3 gnolls (D:3)
  6 adders
  An ooze (D:2)
  A worm (D:2)
  2 dart slugs
  5 leopard geckos
  4 orcs
  2 giant cockroaches (D:3)
  4 goblins
  5 hobgoblins
  3 jackals
  3 kobolds
  A quokka (D:3)
  6 bats
  4 frilled lizards
  7 rats
61 creatures vanquished.

Notes
Turn   | Place    | Note
-------+----------+-------------------------------------------
     0 | D:1      | Borgoz the Ghoul Enchanter began the quest for the Orb.
     0 | D:1      | Reached XP level 1. HP: 14/14 MP: 2/2
    36 | D:1      | Reached skill level 1 in Short Blades
   355 | D:1      | Reached XP level 2. HP: 11/20 MP: 3/3
   363 | D:1      | Learned a level 2 spell: Ensorcelled Hibernation
  1320 | D:2      | Reached XP level 3. HP: 26/26 MP: 4/4
  1391 | D:2      | Reached skill level 3 in Hexes
  1449 | D:3      | Learned a level 3 spell: Confuse
  2117 | D:3      | Reached XP level 4. HP: 32/32 MP: 2/5
  2953 | D:3      | Reached XP level 5. HP: 24/38 MP: 1/6
  4231 | D:4      | Reached skill level 4 in Hexes
  4231 | D:4      | Reached XP level 6. HP: 28/45 MP: 0/7
  4389 | D:4      | Found a staircase to the Ecumenical Temple.
  4436 | D:4      | Slain by an ogre

Skill      XL: |  1  2  3  4  5  6 |
---------------+-------------------+-----
Short Blades   | 1 2 3 |  3.5
Hexes          | 3 4 |  4.0
Dodging        | 2 |  2.0
Fighting       | |  0.3
Stealth        | |  3.8
Spellcasting   | |  1.9

Action                   |  1- 3 |  4- 6 || total
-------------------------+-------+-------++-------
Melee: Dagger            |   114 |   153 ||   267
 Cast: Corona            |     3 |       ||     3
       Ensorcelled Hiber |    11 |    26 ||    37
       Confuse           |       |     3 ||     3
  Use: Scroll            |     6 |     4 ||    10
       Potion            |     3 |     4 ||     7
 Stab: Sleeping          |     9 |    15 ||    24
       Confused          |       |     2 ||     2
  Eat: Chunk             |    11 |    20 ||    31
Armor: Robe              |    13 |    28 ||    41
       Leather armour    |       |     9 ||     9
Dodge: Dodged            |    57 |   112 ||   169
